 Dungeon Crawl Stone Soup version 0.31-a0-795-g5eb97db20b (webtiles) character file.

Game seed: 15164461946175749426

12579 lunkers the Black Belt (level 12, -10/115 HPs)
             Began as a Meteoran Shapeshifter on Sept 18, 2023.
             Was a Follower of Ru.
             Mangled by a chaos spawn (14 damage)
             ... summoned by a kobold demonologist
             ... on level 11 of the Dungeon on Sept 19, 2023.
             The game lasted 00:15:19 (5485 turns).

lunkers the Black Belt (Meteoran Shapeshifter)      Turns: 5485, Time: 00:15:19

Health: -10/115    AC:  9    Str: 27    XL:     12   Next: 51%
Magic:  0/13       EV: 13    Int: 11    God:    Ru [*.....]
Gold:   427        SH:  0    Dex: 18    Spells: 11/11 levels left

rFire   . .          .
                       - Unarmed
rCold   . . .        (shield currently unavailable)
rNeg    . . .        w - melded +2 robe {rN+}
rPois   .            (helmet currently unavailable)
rElec   .            (cloak currently unavailable)
rCorr   .            (gloves currently unavailable)
SInv    +            (boots currently unavailable)
Will    +....        j - amulet of guardian spirit
Stlth   +            B - ring of see invisible
HPRegen 0.39/turn    I - +6 ring of strength
MPRegen 0.13/turn

%: guardian spirit
@: mighty, snake-form, glowing
A: constrict, boosted hp, large, sense surroundings 2, inability to drink after
injury 2, otherworldly, glowing, explore regen, clumsy 1, (deformed body)
a: Begin Untransformation, Renounce Religion


You were on level 11 of the Dungeon.
You worshipped Ru.
Ru was aware of your devotion.
You were an enormous anaconda.
You visited 1 branch of the dungeon, and saw 11 of its levels.

You collected 427 gold pieces.

Inventory:

Armour
 e - the +5 pair of gloves of the Apricot {Int+3}
   (You acquired it on level 7 of the Dungeon)

   Int+3:     It affects your intelligence (+3).
 o - a +0 pair of gloves
 w - a +2 robe of positive energy (melded)
 F - a +2 cloak
 G - a +0 troll leather armour
Jewellery
 j - an amulet of guardian spirit (around neck)
 B - a ring of see invisible (left hand)
 I - a +6 ring of strength (right hand)
 J - a +6 ring of strength
 K - a ring of positive energy
 L - the amulet of Divine Compulsion {Faith Drain +Blink rElec Stlth+}
   (You found it on level 10 of the Dungeon)

   [amulet of faith]

   Faith:     It allows you to gain divine favour quickly.
   rElec:     It insulates you from electricity.
   +Blink:    It lets you blink.
   Drain:     It drains your maximum health when unequipped.
   Stlth+:    It makes you more stealthy.
Talismans
 c - a beast talisman
 d - a flux talisman
 z - a serpent talisman (active)
 C - a maw talisman
Wands
 a - a wand of light (13)
 r - a wand of roots (8)
 M - a wand of polymorph (3)
Scrolls
 b - 5 scrolls of teleportation
 g - a scroll of blinking
 h - a scroll of revelation
 i - 4 scrolls of amnesia
 q - a scroll of vulnerability
 t - 2 scrolls of fear
 v - a scroll of fog
 y - a scroll of poison
Potions
 k - a potion of enlightenment {unknown}
 l - 3 potions of attraction
 m - a potion of cancellation {unknown}
 n - 4 potions of haste {unknown}
 p - 2 potions of invisibility {unknown}
 s - 3 potions of curing
 u - 2 potions of ambrosia
 x - 4 potions of heal wounds
 A - 2 potions of magic
 D - a potion of berserk rage {unknown}
 E - 2 potions of brilliance {unknown}
 H - 3 potions of lignification


   Skills:
 + Level 6.3 Fighting
 + Level 6.5 Dodging
 * Level 16.5 Unarmed Combat
 + Level 11.4 Shapeshifting


You had 11 spell levels left.
You didn't know any spells.
Your spell library contained the following spells:

 Spells                   Type           Power      Damage    Failure   Level
 Freeze                   Ice            0%         1d3       34%         1
 Frozen Ramparts          Ice            0%         1d1       71%         3
 Hailstorm                Conj/Ice       0%         3d3       71%         3


Dungeon Overview and Level Annotations

Branches:
Dungeon (11/15) Zot: 1244  Temple (0/1) D:5            Lair (0/5) D:11
    Orc: D:9-12

Altars:
Cheibriados
Dithmenos
Ru

Shops:
D:2 [

Annotations:
D:7 3 runed translucent doors, MrSquiggles's ghost, novice TeGl


Innate Abilities, Weirdness & Mutations

You are an enormous anaconda.
You have a powerful constriction melee attack.
Your maximum health is increased.
Your armour is entirely melded.
You are incapable of wielding weapons or throwing items.
You passively map the area around you.
You sometimes lose the ability to drink potions when taking damage.
You are easily found by Zot.
You glow in the dark.
You regain HP and MP as you explore.
You are clumsy. (Dex -2)
((Armour fits poorly on your strangely shaped body.))


Message History

You lash the skeletal warrior!
The skeletal warrior is severely damaged.
You constrict the skeletal warrior.
The skeletal warrior hits you with a +2 mace of protection!
* * * LOW HITPOINT WARNING * * *
The skeletal warrior hits you but does no damage.
You body-slam the skeletal warrior!!
You destroy the skeletal warrior!
The kobold demonologist hits you but does no damage.
The skeletal warrior hits you but does no damage.
Unknown command.
You body-slam the skeletal warrior!!
You grab the skeletal warrior.
The skeletal warrior is moderately damaged.
You constrict the skeletal warrior, but do no damage.
You hit the skeletal warrior but do no damage.
The skeletal warrior is moderately damaged.
You constrict the skeletal warrior.
The kobold demonologist hits you but does no damage.
The skeletal warrior hits you with a +0 mace!
* * * LOW MAGIC WARNING * * *
* * * LOW HITPOINT WARNING * * *
The shadow imp closely misses you.
You body-slam the skeletal warrior!!
The skeletal warrior is severely damaged.
You constrict the skeletal warrior, but do no damage.
The kobold demonologist hits you with a +0 dagger.
* * * LOW HITPOINT WARNING * * *
The skeletal warrior hits you with a +0 mace!
* * * LOW MAGIC WARNING * * *
* * * LOW HITPOINT WARNING * * *
You hit the skeletal warrior.
The skeletal warrior is severely damaged.
You constrict the skeletal warrior. The shadow imp misses you.
You body-slam the skeletal warrior!!
You destroy the skeletal warrior!
The kobold demonologist misses you.
The shadow imp hits you but does no damage.
The chaos spawn hits you!
* * * LOW MAGIC WARNING * * *
You die...

#....######.## * * ,
, , #....# ...... ,
**+ * ,#....+ ....,,
, ,, ,, *
,#....####'######## ,
, *
#................. ,*
#...>...).........,
,, ,,*
.....#######.......#
** * * * ,*
####.#.....'5K4....+,
, #.#.....#)S.....#,
, , *
#.#.....#.......#,, ,
, #.#.... #..!....#,,
,, #.##### #.......#
, ,* ,, ........# *
,, , , , ...........
,, , , ...........,
** , , ,........####
* , * *, , , , * *


You could see a kobold demonologist, a chaos spawn (summoned) and a shadow imp
(summoned).

Vanquished Creatures
  A two-headed ogre (D:10)
  A soul eater (D:9)
  3 skeletal warriors (D:11)
  Joseph (D:7)
  A gargoyle (D:10)
  Psyche (D:9)
  2 kobold demonologists (D:11)
  2 trolls
  Grinder (D:3)
  3 wyverns
  A wraith (D:10)
  20 yaks
  A neqoxec (D:9)
  3 vampire mosquitoes (D:10)
  Grum (D:8)
  Menkaure (D:6)
  An acid dragon (D:9)
  A sky beast (D:8)
  An ice beast (D:6)
  2 orc warriors
  4 ogres
  4 wolves (D:8)
  2 black bears
  3 centaurs
  3 lemures (D:4)
  A phantom (D:5)
  2 kobold brigands
  Blork the orc (D:4)
  A gnoll sergeant (D:8)
  2 scorpions
  7 wights
  11 killer bees
  2 howler monkeys (D:11)
  2 quasits (D:9)
  A gnoll bouda (D:6)
  2 hounds (D:6)
  2 jellies
  Crazy Yiuf (D:4)
  8 orc priests
  2 sleepcaps
  Jessica (D:2)
  4 iguanas
  9 orc wizards
  8 gnolls
  14 adders
  A shadow imp (D:4)
  An ufetubus (D:4)
  3 worms
  2 dart slugs
  32 orcs
  6 bats
  12 endoplasms
  6 giant cockroaches
  13 goblins
  4 hobgoblins
  2 quokkas
  6 ball pythons
  4 frilled lizards
  29 kobolds
  7 rats
273 creatures vanquished.

Notes
Turn   | Place    | Note
-------+----------+-------------------------------------------
     0 | D:1      | lunkers the Meteoran Shapeshifter began the quest for the
                  | Orb.
     0 | D:1      | Reached XP level 1. HP: 16/16 MP: 2/2
    75 | D:1      | Reached skill level 4 in Unarmed Combat
    75 | D:1      | Reached XP level 2. HP: 23/23 MP: 3/3
   168 | D:1      | Reached XP level 3. HP: 23/28 MP: 4/4
   254 | D:2      | Found Jeludd's Antique Armour Shoppe.
   353 | D:2      | Noticed Jessica
   360 | D:2      | Killed Jessica
   361 | D:2      | Reached skill level 5 in Unarmed Combat
   361 | D:2      | Reached XP level 4. HP: 9/35 MP: 5/5
   531 | D:3      | Reached XP level 5. HP: 32/40 MP: 6/6
   564 | D:3      | Noticed Grinder
   574 | D:3      | Killed Grinder
   575 | D:3      | Reached skill level 7 in Unarmed Combat
   575 | D:3      | Reached skill level 5 in Shapeshifting
   575 | D:3      | Reached XP level 6. HP: 47/47 MP: 7/7
   660 | D:3      | Reached XP level 7. HP: 41/52 MP: 8/8
  1027 | D:4      | Noticed Blork the orc
  1070 | D:4      | Killed Blork the orc
  1071 | D:4      | Reached skill level 8 in Unarmed Combat
  1242 | D:4      | Reached XP level 8. HP: 56/59 MP: 9/9
  1366 | D:4      | Found a runed translucent door.
  1367 | D:4      | Noticed Crazy Yiuf
  1417 | D:4      | Found a sacrificial altar of Ru.
  1430 | D:4      | Became a worshipper of Ru the Awakened
  1528 | D:4      | Reached skill level 9 in Unarmed Combat
  1792 | D:4      | Killed Crazy Yiuf
  1823 | D:5      | Entered Level 5 of the Dungeon
  2109 | D:5      | Found a staircase to the Ecumenical Temple.
  2114 | D:5      | Reached skill level 10 in Unarmed Combat
  2141 | D:5      | Found a shadowy altar of Dithmenos.
  2172 | D:5      | Noticed a yak
  2173 | D:5      | Noticed a yak
  2173 | D:5      | Noticed a yak
  2174 | D:5      | Noticed a yak
  2175 | D:5      | Noticed a yak
  2178 | D:5      | Killed a yak
  2179 | D:5      | Gained mutation: You passively map the area around you.
                  | [Meteoran growth]
  2179 | D:5      | Reached XP level 9. HP: 42/64 MP: 10/10
  2184 | D:5      | Reached skill level 11 in Unarmed Combat
  2296 | D:5      | Found a snail-covered altar of Cheibriados.
  2346 | D:6      | Reached skill level 12 in Unarmed Combat
  2370 | D:6      | Noticed Menkaure
  2380 | D:6      | Killed Menkaure
  2560 | D:6      | Reached XP level 10. HP: 71/71 MP: 11/11
  3047 | D:7      | Reached skill level 13 in Unarmed Combat
  3050 | D:7      | Identified a scroll of acquirement
  3050 | D:7      | Acquired the +5 pair of gloves of the Apricot {Int+3}
  3249 | D:7      | Noticed MrSquiggles's ghost (novice TeGl)
  3249 | D:7      | Noticed an unseen horror
  3250 | D:7      | Found a runed translucent gate.
  3250 | D:7      | Found a runed translucent gate.
  3259 | D:7      | Found a runed translucent gate.
  3525 | D:7      | Noticed Joseph
  3533 | D:7      | Killed Joseph
  3902 | D:8      | Reached skill level 14 in Unarmed Combat
  3909 | D:8      | Noticed Grum
  4107 | D:8      | Reached skill level 10 in Shapeshifting
  4141 | D:8      | Reached XP level 11. HP: 65/81 MP: 12/12
  4147 | D:8      | Killed Grum
  4360 | D:9      | Gained mutation: Armour fits poorly on your strangely
                  | shaped body. [a neqoxec]
  4362 | D:9      | Gained mutation: You are clumsy. (Dex -2) [a neqoxec]
  4432 | D:9      | Noticed Psyche
  4438 | D:9      | Killed Psyche
  4462 | D:9      | Reached skill level 15 in Unarmed Combat
  4576 | D:9      | Noticed a soul eater
  4584 | D:9      | Killed a soul eater
  4585 | D:9      | Reached skill level 5 in Dodging
  4684 | D:10     | Entered Level 10 of the Dungeon
  4820 | D:10     | Noticed a two-headed ogre
  4827 | D:10     | Killed a two-headed ogre
  4828 | D:10     | Reached skill level 5 in Fighting
  4886 | D:10     | Reached XP level 12. HP: 94/94 MP: 13/13
  5106 | D:10     | Identified the amulet of Divine Compulsion {Faith Drain
                  | +Blink rElec Stlth+}
  5263 | D:11     | Reached skill level 16 in Unarmed Combat
  5454 | D:11     | Found a staircase to the Lair.
  5457 | D:11     | Gained mutation: You occasionally lose the ability to drink
                  | potions when taking damage. [Ru sacrifice]
  5457 | D:11     | Gained mutation: You sometimes lose the ability to drink
                  | potions when taking damage. [Ru sacrifice]
  5457 | D:11     | Reached * piety under Ru
  5465 | D:11     | Noticed a skeletal warrior
  5471 | D:11     | Killed a skeletal warrior
  5473 | D:11     | Noticed a skeletal warrior
  5473 | D:11     | Noticed a skeletal warrior
  5480 | D:11     | Killed a skeletal warrior
  5483 | D:11     | HP: 3/115 [skeletal warrior/+0 mace (15)]
  5485 | D:11     | Killed a skeletal warrior
  5485 | D:11     | Mangled by a chaos spawn

Illustrated notes

Levels and vault maps discovered:
D:1:      matt_arrival_grand_opening, layout_rooms
D:2:      layout_basic, serial_shops, nicolae_shop_tiny_statue_garden,
          uniq_jessica
D:3:      layout_basic, minmay_mini_jars, uniq_grinder
D:4:      cheibrodos_barr_body, layout_basic,
          nicolae_ru_great_annihilating_truth, minmay_diced_spiral, uniq_pikel,
          uniq_crazy_yiuf_cottage, uniq_blork_the_orc
D:5:      layout_loops_ring, mainiacjoe_overflow_catch_the_wave,
          minmay_temple_entry_from_below_a, bh_walls_and_bars
D:6:      layout_basic, nicolae_houndstooth_variations, uniq_menkaure
D:7:      layout_loops_corners, gammafunk_ghost_split, uniq_joseph
D:8:      layout_loops_ring, uniq_grum
D:9:      layout_grid_maze, serial_demonic, serial_demonic_f, serial_demonic_e,
          serial_demonic_c, serial_demonic_c, uniq_psyche
D:10:     layout_basic, serial_rivers, chequers_serial_rivers_micro_a,
          chequers_serial_rivers_micro_a, chequers_serial_rivers_micro_e,
          chequers_serial_rivers_room_a, chequers_serial_rivers_room_b
D:11:     layout_irregular_city, lair_entry_dummy

Skill      XL: |  1  2  3  4  5  6  7  8  9 10 11 12 |
---------------+-------------------------------------+-----
Unarmed Combat | 4 5 7 8 10 12 14 15 16 | 16.5
Shapeshifting  | 4 5 6 7 8 10 11 | 11.4
Fighting       | 2 5 6 |  6.3
Dodging        | 3 5 6 |  6.5

Action                     |  1- 3 |  4- 6 |  7- 9 | 10-12 || total
---------------------------+-------+-------+-------+-------++-------
  Melee: Unarmed           |    64 |    76 |   216 |   285 ||   641
         Punch             |     2 |     3 |     7 |       ||    12
         Constrict         |       |       |    21 |    67 ||    88
 Invoke: Sacrifice Drink   |       |       |       |     1 ||     1
    Use: Potion            |       |     1 |     2 |     1 ||     4
         Scroll            |       |       |       |    19 ||    19
   Stab: Paralysed         |       |       |     1 |       ||     1
 Armour: Animal skin       |    35 |    24 |    17 |       ||    76
         Skin              |       |    13 |    43 |   188 ||   244
         Robe              |       |       |    50 |       ||    50
  Dodge: Dodged            |    40 |    37 |   107 |   154 ||   338
   Form: Anaconda          |       |       |     1 |       ||     1

Table legend: (Time is in decaauts)
 A = Elapsed time spent in this place.
 B = Non-inter-level travel time spent in this place.
 C = Inter-level travel time spent in this place.
 D = Time resting spent in this place.
 E = Time spent auto-exploring this place.
 F = Levels seen in this place.
 G = Mean time per level.
                   A        B        C        D        E       F      G
               +--------+--------+--------+--------+--------+-----+--------+
         Total |   5355 |   5148 |    207 |     12 |   3469 |  11 |  486.8 |
       Dungeon |   5355 |   5148 |    207 |     12 |   3469 |  11 |  486.8 |
               +--------+--------+--------+--------+--------+-----+--------+

Top non-repeatable levels by time:
     D:4: 800 daAuts
     D:6: 686 daAuts
     D:7: 661 daAuts
     D:5: 502 daAuts
     D:3: 491 daAuts
     D:9: 478 daAuts
     D:8: 465 daAuts
    D:10: 451 daAuts
    D:11: 323 daAuts
     D:2: 254 daAuts
     D:1: 240 daAuts
